 Dungeon Crawl Stone Soup version 0.30.0 (webtiles) character file.

Game seed: 10173052280883415875

4 SnakkuSnakku7 the Conjurer (level 1, 0/15 HPs)
             Began as a Ghoul Conjurer on May 6, 2023.
             Slain by a quokka (1 damage)
             ... on level 1 of the Dungeon.
             The game lasted 00:00:38 (188 turns).

SnakkuSnakku7 the Conjurer (Ghoul Conjurer)          Turns: 188, Time: 00:00:39

Health: 0/15       AC:  2    Str: 10    XL:     1   Next: 60%
Magic:  2/2        EV: 11    Int: 13    God:
Gold:   22         SH:  0    Dex:  7    Spells: 2/3 levels left

rFire   . . .        (no weapon)
rCold   + . .        (no shield)
rNeg    + + +        a - +0 robe
rPois   ∞            (no helmet)
rElec   .            (no cloak)
rCorr   .            (no gloves)
SInv    .            (no boots)
Will    .....        (no amulet)
Stlth   ++           (no ring)
HPRegen 0.00/turn    (no ring)
MPRegen 0.08/turn

%: no passive effects
@: inhibited regen
A: claws 1, cold resistance 1, negative energy resistance 3, inhibited
regeneration, torment resistance 2, devour on kill
a: no special abilities


You were on level 1 of the Dungeon.
You visited 1 branch of the dungeon, and saw 1 of its levels.

You collected 22 gold pieces.

Inventory:

Armour
 a - a +0 robe (worn)
Scrolls
 c - a scroll of teleportation {unknown}
 d - a scroll of identify {unknown}
Potions
 b - a potion of magic


   Skills:
 + Level 0.7 Fighting
 - Level 1.7 Dodging
 - Level 2.1 Stealth
 + Level 0.7 Unarmed Combat
 - Level 1.7 Spellcasting
 - Level 3.2 Conjurations


You had 2 spell levels left.
You knew the following spells:

 Your Spells              Type           Power      Damage    Failure   Level
a - Magic Dart            Conj           36%        1d4       7%          1

Your spell library contained the following spells:

 Spells                   Type           Power      Damage    Failure   Level
 Searing Ray              Conj           18%        2d5       11%         2
 Dazzling Flash           Conj/Hex       10%        N/A       38%         3
 Fulminant Prism          Conj/Hex       2%         3d5       80%         4
 Iskenderun's Mystic Bla  Conj/Tloc      5%         2d3       80%         4


Dungeon Overview and Level Annotations

Branches:
Dungeon (1/15)

Altars:


Innate Abilities, Weirdness & Mutations

You are immune to poison.
You have sharp fingernails.
Your flesh is cold resistant. (rC+)
You are immune to negative energy. (rN+++)
You do not regenerate when monsters are visible.
You are immune to unholy pain and torment.
You thrive by killing the living.


Message History

A ball python is nearby!
A ball python is nearby!
You scratch the ball python.
You kill the ball python!
Found a mace.
A rat comes into view.
A rat is nearby!
You see here a +0 mace.
You closely miss the rat. The rat bites you.
You scratch the rat but do no damage. The rat misses you.
You scratch the rat.
You kill the rat!
You feel better.
A quokka comes into view.
A quokka is nearby!
A quokka is nearby!
The quokka misses you.
You closely miss the quokka. The quokka barely misses you. x2
You barely miss the quokka. The quokka bites you.
You closely miss the quokka. The quokka misses you.
You closely miss the quokka.
The quokka bites you but does no damage.
You closely miss the quokka. The quokka bites you.
You closely miss the quokka. The quokka misses you.
The quokka closely misses you.
You completely miss the quokka. The quokka barely misses you.
You closely miss the quokka. The quokka barely misses you.
You barely miss the quokka. The quokka bites you.
You barely miss the quokka. The quokka closely misses you.
You scratch the quokka.
The quokka is almost dead.
The quokka barely misses you. The quokka bites you.
You closely miss the quokka.
The quokka is almost dead.
The quokka bites you.
* * * LOW HITPOINT WARNING * * *
You miss the quokka.
The quokka is almost dead.
The quokka bites you.
You die...

###. .......... .
....##...####..###########
..........................
.....$....####..####.###.
#....#..# ##.####.# ##
###....).####....#†# #
##.....#....#####...#
#.......##..##......####
#.......@.#...#####......
#........r###.#####.#.##.
#.........# #.......#.###
#.........####.####..##..
#....................+...
##.......##########..##..
......... #.#.###
......... #.#.# #.#..


You could see a quokka.

Vanquished Creatures
  A hobgoblin (D:1)
  A ball python (D:1)
  A bat (D:1)
  2 rats (D:1)
5 creatures vanquished.

Notes
Turn   | Place    | Note
-------+----------+-------------------------------------------
     0 | D:1      | SnakkuSnakku7 the Ghoul Conjurer began the quest for the
                  | Orb.
     0 | D:1      | Reached XP level 1. HP: 14/14 MP: 2/2
   188 | D:1      | Slain by a quokka

Illustrated notes

Levels and vault maps discovered:
D:1:      evilmike_arrival_plus, layout_rooms

Action                     || total
---------------------------++-------
  Melee: Unarmed           ||    36
   Cast: Magic Dart        ||     2
 Armour: Robe              ||     3
  Dodge: Dodged            ||    19
